 Dungeon Crawl Stone Soup version 0.16.1-5-gaa23807 (webtiles) character file.

146 Chiseanne the Magician (level 5, -1/31 HPs)
             Began as an Octopode Wizard on Mar 28, 2015.
             Killed by divine providence
             ... invoked by an orc priest
              (14 damage)
             ... on level 4 of the Dungeon.
             The game lasted 00:10:09 (3575 turns).

Chiseanne the Magician (Octopode Wizard)            Turns: 3575, Time: 00:10:09

Health: -1/31      AC:  3    Str:  6    XL:     5   Next: 28%
Magic:  11/14      EV: 12    Int: 21    God:
Gold:   197        SH:  0    Dex: 11    Spells: 4 memorised, 6 levels left

rFire  . . .     SeeInvis .     e - +0 club
rCold  . . .     Clarity  .     (no shield)
rNeg   . . .     SustAb   .     b - +2 hat
rPois  .         Gourm    .     (no amulet)
rElec  .         Spirit   .     (no ring)
rCorr  .         Warding  .     (no ring)
rMut   .         Stasis   .     (no ring)
MR     .....                    (no ring)
Stlth  +++.......               (no ring)
                                (no ring)
                                (no ring)
                                (no ring)

@: repel missiles, not resistant to hostile enchantments, fairly stealthy
A: almost no armour, amphibious, 8 rings, constrict 8, camouflage 1, gelatinous
body 1
a: no special abilities


You were on level 4 of the Dungeon.
You were not hungry.

You visited 1 branch of the dungeon, and saw 4 of its levels.

You collected 197 gold pieces.

Inventory:

Hand weapons
 e - a +0 club (weapon)
Missiles
 j - 6 javelins (quivered)
 m - 13 poisoned needles
Armour
 b - a +2 hat (worn)
 n - a +0 large shield
Jewellery
 a - an uncursed ring of teleportation
Magical devices
 l - a wand of teleportation (6)
Potions
 i - 2 potions of curing
 k - a potion of poison {unknown}
 o - a potion of mutation {unknown}
Books
 c - a book of Minor Magic

   Spells                             Type                      Level
   a - Magic Dart                     Conjuration                  1
   b - Blink                          Translocation                2
   c - Call Imp                       Summoning                    2
   d - Repel Missiles                 Charms/Air                   2
   e - Slow                           Hexes                        2
   f - Conjure Flame                  Conjuration/Fire             3
   g - Mephitic Cloud                 Conjuration/Poison/Air       3
Comestibles
 d - 3 bread rations
 g - 2 meat rations
 h - 2 beef jerkies
 p - a chunk of flesh


   Skills:
 - Level 2.0 Dodging
 - Level 2.6 Stealth
 * Level 4.8 Spellcasting
 * Level 2.8 Conjurations
 - Level 1.0 Summonings
 - Level 1.0 Translocations


You had 6 spell levels left.
You knew the following spells:

 Your Spells              Type           Power        Failure   Level  Hunger
a - Magic Dart            Conj           ###.         3%          1    None
b - Repel Missiles        Chrm/Air       #.....       17%         2    None
c - Blink                 Tloc           N/A          12%         2    None
d - Call Imp              Summ           #.......     12%         2    None


Dungeon Overview and Level Annotations

Branches:
Dungeon (4/15)
 Temple: D:4-7

Altars:
Ashenzari

Annotations:
D:3 Sigmund


Innate Abilities, Weirdness & Mutations

You cannot wear most types of armour.
You are amphibious.
You can wear up to eight rings at the same time.
You can use your tentacles to constrict many enemies at once.
Your skin changes colour to match your surroundings (Stealth).
Your rubbery body absorbs attacks (AC +1).


Message History

The orc is almost dead.
The orc closely misses you.
The orc priest calls down the wrath of Beogh upon you.
Something smites you!
The orc priest calls upon Beogh to heal the orc.
The orc is healed somewhat.
An orc priest comes into view. It is wielding a club.
You barely miss the orc.
The orc priest shouts!
You grab the orc. You squeeze the orc.
The orc is severely wounded.
You constrict the orc, but do no damage.
The orc hits you but does no damage.
You hit the orc but do no damage.
The orc is severely wounded.
You constrict the orc, but do no damage.
The orc hits you with a club.
The orc priest mumbles some strange prayers to Beogh against you.
Something smites you!
You die...

#.#o##### #........
....r....## #........ ..
#..# #.........
###r######.####.........
.......................
####.######..##..........
#....o..<.##.##.........
#.##.#....##.##.........
#......o.ro@.....>......
#.##.#.##.##.##.........
#.#.##.##.##.........
#.#.##.....#.#....###
#.#.######.#.#.##.# #.#.#
#.#.#.# # #.#.#
#.#.#.##.# #.#.#
#........#
.#.#######..#.###..


You could see 2 orc priests, an orc and a rat.

Vanquished Creatures
  Natasha (D:3)
  4 adders (D:2)
  5 worms (D:2)
  An orc (D:3)
  2 giant cockroaches (D:2)
  17 goblins
  5 hobgoblins
  6 kobolds
  3 quokkas
  4 bats
  3 giant geckos
  3 giant newts
  8 rats
62 creatures vanquished.

Notes
Turn   | Place    | Note
--------------------------------------------------------------
     0 | D:1      | Chiseanne, the Octopode Wizard, began the quest for the Orb.
     0 | D:1      | Reached XP level 1. HP: 11/11 MP: 4/4
   170 | D:1      | Found a shattered altar of Ashenzari.
   809 | D:1      | Reached XP level 2. HP: 17/17 MP: 1/6
  1717 | D:2      | Learned a level 2 spell: Repel Missiles
  1760 | D:2      | Learned a level 2 spell: Blink
  1763 | D:2      | Learned a level 2 spell: Call Imp
  1907 | D:2      | Reached XP level 3. HP: 21/21 MP: 2/8
  2045 | D:2      | Reached skill level 4 in Spellcasting
  2286 | D:2      | Reached XP level 4. HP: 27/27 MP: 4/11
  3233 | D:3      | Reached XP level 5. HP: 31/31 MP: 9/13
  3280 | D:3      | Noticed Natasha
  3287 | D:3      | Killed Natasha
  3480 | D:3      | Noticed Sigmund
  3575 | D:4      | Killed from afar by an orc priest

Action                   |  1- 3 |  4- 6 || total
-------------------------+-------+-------++-------
Melee: Club              |    16 |    14 ||    30
 Cast: Magic Dart        |    84 |   102 ||   186
       Repel Missiles    |     1 |       ||     1
       Call Imp          |       |     3 ||     3
  Use: Scroll            |     6 |     3 ||     9
       Potion            |       |     1 ||     1
 Stab: Sleeping          |     1 |     1 ||     2
  Eat: Chunk             |     4 |     4 ||     8
